 Dungeon Crawl Stone Soup version 0.27-a0-1456-gf5a116941d (webtiles) character file.

Game seed: 10516957500782347296

95 Kinoniko the Slasher (level 4, -3/49 HPs)
             Began as a Demonspawn Gladiator on July 6, 2021.
             Slain by a kobold brigand (4 damage)
             ... in a sewer.
             The game lasted 00:02:18 (2176 turns).

Kinoniko the Slasher (Demonspawn Gladiator)         Turns: 2176, Time: 00:02:19

Health: -3/49      AC:  6    Str: 14 (15) XL:     4   Next: 40%
Magic:  4/4        EV: 11    Int:  8 (9)  God:
Gold:   103        SH:  0    Dex: 12 (15) Spells: 3/3 levels left

rFire    . . .     SeeInvis .   n - +3 short sword (speed)
rCold    . . .     Faith    .   (no shield)
rNeg     . . .     Spirit   .   m - +0 ring mail
rPois    .         Reflect  .   (helmet restricted)
rElec    .         Harm     .   j - +0 cloak
rCorr    .         Rampage  .   (no gloves)
Will     .....                  (no boots)
Stlth    ..........             (no amulet)
HPRegen  0.16/turn              (no ring)
MPRegen  0.09/turn              (no ring)

@: berserking, lethally poisoned (-3 -> -8), slow
A: horns 1, demonic magic 1
a: no special abilities


You were in a sewer.
You visited 1 branch of the dungeon, and saw 3 of its levels.
You also visited: Sewer.

You collected 103 gold pieces.

Inventory:

Hand Weapons
 a - a +0 long sword
 n - a +3 short sword of speed (weapon)
Missiles
 d - 3 throwing nets (quivered)
Armour
 b - a +0 leather armour
 c - a +0 helmet
 j - a +0 cloak (worn)
 m - a +0 ring mail (worn)
Jewellery
 k - a ring of ice
Scrolls
 g - a scroll of amnesia {unknown}
 i - 3 scrolls of identify {unknown}
 l - a scroll of fear {unknown}
Potions
 e - a potion of lignification {unknown}
 h - a potion of degeneration


   Skills:
 - Level 2.0 Fighting
 * Level 0.0(2.6) Short Blades
 - Level 4.5 Long Blades
 - Level 1.7 Throwing
 - Level 3.1 Dodging


You had 3 spell levels left.
You didn't know any spells.
Your spell library contained the following spells:

 Spells                   Type           Power      Damage    Failure   Level
 Blink                    Tloc           N/A        N/A       80%         2
 Passwall                 Tmut/Erth      0%         N/A       80%         2
 Conjure Flame            Conj/Fire      0%         6-21      95%         3
 Ignite Poison            Fire/Tmut/Pois 0%         N/A       95%         3
 Swiftness                Air            0%         N/A       95%         3
 Sticky Flame             Conj/Fire      0%         2d3       100%        4
 Manifold Assault         Tloc           0%         N/A       100%        5
 Invisibility             Hex            0%         N/A       100%        6
 Storm Form               Tmut/Air       0%         N/A       100%        7


Dungeon Overview and Level Annotations

Branches:
Dungeon (3/15)              Sewer (1/1)

Altars:
Elyvilon


Innate Abilities, Weirdness & Mutations

You have a pair of small horns on your head.
Spells you cast may paralyse adjacent enemies.


Message History

You are poisoned.
The kobold brigand throws a poisoned dart.
The poisoned dart hits you!
You are more poisoned.
You feel very sick.
You enter the shallow water.
Moving in this stuff is going to be slow.
You feel very sick.
The kobold brigand throws a poisoned dart.
The poisoned dart hits you.
You are more poisoned.
You feel very sick.
The kobold brigand hits you with a +0 dagger. x2
You are too injured to fight recklessly!
You are too injured to fight recklessly!
You are too injured to fight recklessly!
It was a potion of degeneration.
There was something very wrong with that liquid.
You feel weakened.
You feel dopey.
You feel clumsy.
* * * LOW HITPOINT WARNING * * *
You feel very sick. The kobold brigand barely misses you.
It was a potion of berserk rage.
A red film seems to cover your vision as you go berserk!
You feel yourself moving faster!
You feel mighty!
You feel sick.
The kobold brigand hits you with a +0 dagger!
* * * LOW HITPOINT WARNING * * *
You are too berserk!
You puncture the kobold brigand!
The kobold brigand is moderately wounded.
* * * LOW HITPOINT WARNING * * *
You feel sick.
Your unstable footing causes you to fumble your attack.
You barely miss the kobold brigand.
Your headbutt misses the kobold brigand.
The kobold brigand is moderately wounded.
* * * LOW HITPOINT WARNING * * *
You feel sick.
The kobold brigand hits you with a +0 dagger.
You die...

#########
#!#.#.#.#
#≈#≈#≈#≈#
#≈#K#≈#≈#
#≈#@#≈#≈#
#≈≈.#≈≈≈#
##.###≈##
#≈# #.#
#≈###.#
.≈≈≈≈
#≈≈≈.≈#
#≈≈≈#
##≈≈≈##
#≈≈.#
#...#
#.≈.#
#.≈.#


You could see a kobold brigand.

Vanquished Creatures
  2 adders
  A river rat (Sewer)
  A worm (Sewer)
  A dart slug (D:1)
  An orc (D:3)
  8 ball pythons
  6 endoplasms
  5 giant cockroaches
  2 goblins (D:1)
  4 hobgoblins
  4 jackals (D:3)
  4 kobolds
  2 quokkas
  9 bats
  A frilled lizard (D:1)
  5 rats
56 creatures vanquished.

Notes
Turn   | Place    | Note
-------+----------+-------------------------------------------
     0 | D:1      | Kinoniko the Demonspawn Gladiator began the quest for the
                  | Orb.
     0 | D:1      | Reached XP level 1. HP: 16/16 MP: 1/1
   297 | D:1      | Reached skill level 3 in Long Blades
   357 | D:1      | Gained mutation: Spells you cast may paralyse adjacent
                  | enemies. [demonic ancestry]
   357 | D:1      | Reached XP level 2. HP: 20/22 MP: 2/2
   663 | D:1      | Found a faded altar of an unknown god.
   760 | D:1      | Reached XP level 3. HP: 23/27 MP: 3/3
  1365 | D:2      | Reached skill level 4 in Long Blades
  1889 | D:3      | Gained mutation: You have a pair of small horns on your
                  | head. [demonic ancestry]
  1889 | D:3      | Reached XP level 4. HP: 30/33 MP: 4/4
  1902 | D:3      | Found a glowing drain.
  1911 | Sewer    | Entered a sewer
  2167 | Sewer    | Noticed a kobold brigand
  2174 | Sewer    | HP: 2/49 [poisoned by a kobold brigand]
  2176 | Sewer    | Slain by a kobold brigand

Illustrated notes

Levels and vault maps discovered:
D:1:      saegor_arrival_simple_b, layout_loops_ring,
          shapermc_ecumenical_altar_flowoftime
D:2:      layout_basic, basic_altar, serial_bayou_pond_a, interstate_on_off
D:3:      layout_rooms, portal_sewer_entry_b
Sewer:    sewer_co_tree

Skill      XL: |  1  2  3 |
---------------+----------+-----
Long Blades    | 3 4 |  4.5
Dodging        | 3 |  3.1
Fighting       | |  2.0
Throwing       | |  1.7

Action                   |  1- 3 |  4- 6 || total
-------------------------+-------+-------++-------
Melee: Long sword        |   118 |     9 ||   127
       Short sword       |       |    16 ||    16
       Headbutt          |       |     2 ||     2
  Use: Potion            |       |     2 ||     2
 Stab: Sleeping          |     2 |       ||     2
Armor: Leather armour    |    34 |       ||    34
       Ring mail         |     6 |     6 ||    12
Dodge: Dodged            |    79 |     8 ||    87
       Rpst.: Long sword |    25 |     1 ||    26

Table legend: (Time is in decaauts)
 A = Elapsed time spent in this place.
 B = Non-inter-level travel time spent in this place.
 C = Inter-level travel time spent in this place.
 D = Time resting spent in this place.
 E = Time spent auto-exploring this place.
 F = Levels seen in this place.
 G = Mean time per level.
                   A        B        C        D        E       F      G
               +--------+--------+--------+--------+--------+-----+--------+
         Total |   2226 |   2156 |     70 |    123 |   1667 |   4 |  556.5 |
       Dungeon |   1939 |   1869 |     70 |    123 |   1425 |   3 |  646.3 |
         Sewer |    286 |    286 |      0 |      0 |    242 |   1 |  286.0 |
               +--------+--------+--------+--------+--------+-----+--------+

Top non-repeatable levels by time:
     D:1: 1109 daAuts
     D:2: 689 daAuts
   Sewer: 286 daAuts
     D:3: 140 daAuts
